 Dungeon Crawl Stone Soup version 0.30-a0-953-g5f1da4a474 (webtiles) character file.

Game seed: 11983637970274556978

74 FilthyApe the Cudgeller (level 4, 38/39 HPs)
             Began as a Minotaur Fighter on Mar 28, 2023.
             Quit the game on level 2 of the Dungeon.
             The game lasted 00:01:47 (989 turns).

FilthyApe the Cudgeller (Minotaur Fighter)           Turns: 989, Time: 00:01:48

Health: 38/39      AC:  6    Str: 23    XL:     4   Next: 9%
Magic:  3/3        EV:  9    Int:  5    God:
Gold:   60         SH:  4    Dex:  9    Spells: 3/3 levels left

rFire   . . .      SeeInvis .    a - +0 flail
rCold   . . .      Faith    .    c - +0 buckler
rNeg    . . .      Spirit   .    b - +0 scale mail
rPois   .          Reflect  .    (helmet restricted)
rElec   .          Rampage  .    (no cloak)
rCorr   .                        (no gloves)
Will    .....                    (no boots) Stlth
                                 (no amulet)
HPRegen 0.26/turn                (no ring)
MPRegen 0.08/turn                (no ring)

@: no status effects
A: horns 2, retaliatory headbutt
a: no special abilities


You were on level 2 of the Dungeon.
You visited 1 branch of the dungeon, and saw 2 of its levels.

You collected 60 gold pieces.

Inventory:

Hand Weapons
 a - a +0 flail (weapon)
Armour
 b - a +0 scale mail (worn)
 c - a +0 buckler (worn)
Scrolls
 e - a scroll of vulnerability {unknown}
 i - 2 scrolls of identify {unknown}
 k - a scroll of teleportation {unknown}
 l - a scroll of fear {unknown}
 o - a scroll of amnesia {unknown}
Potions
 d - a potion of might
 f - a potion of curing {unknown}
 g - a potion of magic {unknown}
 h - a potion of mutation {unknown}
 j - 2 potions of attraction {unknown}
 m - 2 potions of cancellation {unknown}
 n - a potion of invisibility {unknown}


   Skills:
 + Level 3.6 Fighting
 + Level 4.9 Maces & Flails
 + Level 3.6 Armour
 - Level 1.5 Dodging
 - Level 0.1 Stealth
 + Level 3.6 Shields


You had 3 spell levels left.
You didn't know any spells.
Your spell library contained the following spells:

 Spells                   Type           Power      Damage    Failure   Level
 Vhi's Electric Charge    Tloc/Air       0%         N/A       99%         3
 Arcjolt                  Conj/Air       0%         1d10      100%        5
 Maxwell's Capacitive Co  Air            0%         ∞         100%        8


Dungeon Overview and Level Annotations

Branches:
Dungeon (2/15)

Altars:


Innate Abilities, Weirdness & Mutations

You have a pair of horns on your head.
You reflexively headbutt those who attack you in melee.


Message History

No target in view!
No target in view!
You feel sick.
You feel sick.
You feel sick.
You feel sick.
You are no longer poisoned.
o - a scroll labelled BISIYM SISUE No target in view!
You open the door.
There is an open door here.
A kobold comes into view. It is wielding a +0 short sword.
The kobold shouts!
You closely miss the kobold. You headbutt the kobold.
You kill the kobold!
No target in view!
Things that are here:
a +0 short sword; a kobold corpse A hobgoblin comes into view.
The hobgoblin shouts!
A goblin comes into view. It is wielding a +0 club.
Found a dagger.
There are monsters nearby!
An adder comes into view.
The adder hisses angrily.
The hobgoblin barely misses you.
You barely miss the hobgoblin. You headbutt the hobgoblin.
You kill the hobgoblin!
You thump the goblin!
You kill the goblin!
The adder bites you but does no damage. x2
You hit the adder. Your headbutt misses the adder.
The adder is heavily wounded.
The adder bites you.
You hit the adder.
You kill the adder!
You have reached level 4!
You feel stronger.
Okay, then.
Are you sure you want to abandon this character and quit the game? (Confirm with "yes".)

#.#.##...................###.....
#.#.##.....................#.####
#.#.##...................#.#.# ##
#.#.########'#############.#.# #.
#.#.########.# ###.#.###.
#.#........).# #......##.
#.################### #......##)
#...............)...####..†.<.##.
################@....).#......##.
#†......#......##.
#.......#......##.
#.......#....†....
#.......#......##.
.......##......##.
.......##......###
.......##......# ........#


There were no monsters in sight!

Vanquished Creatures
  3 adders (D:2)
  A dart slug (D:1)
  5 ball pythons
  A bat (D:2)
  4 endoplasms
  2 giant cockroaches
  3 goblins
  7 hobgoblins
  3 jackals (D:1)
  A quokka (D:1)
  2 frilled lizards (D:1)
  3 kobolds
  6 rats (D:1)
41 creatures vanquished.

Vanquished Creatures (others)
  4 plants (D:1)
4 creatures vanquished.

Grand Total: 45 creatures vanquished

Notes
Turn   | Place    | Note
-------+----------+-------------------------------------------
     0 | D:1      | FilthyApe the Minotaur Fighter began the quest for the Orb.
     0 | D:1      | Reached XP level 1. HP: 19/19 MP: 0/0
    17 | D:1      | Found a faded altar of an unknown god.
    65 | D:1      | Reached skill level 3 in Maces & Flails
    68 | D:1      | Reached XP level 2. HP: 14/26 MP: 1/1
   273 | D:1      | Reached skill level 4 in Maces & Flails
   380 | D:1      | Reached XP level 3. HP: 31/31 MP: 2/2
   836 | D:2      | Reached skill level 1 in Dodging
   989 | D:2      | Reached XP level 4. HP: 38/39 MP: 3/3
   989 | D:2      | Quit the game

Illustrated notes

Levels and vault maps discovered:
D:1:      sevenhm_arrival_forest_fort_small_6, layout_basic,
          basic_ecumenical_altar, serial_bayou_lagoon_a
D:2:      layout_basic

Skill      XL: |  1  2  3 |
---------------+----------+-----
Maces & Flails | 3 4 |  4.9
Dodging        | 1 |  1.5
Fighting       | |  3.6
Armour         | |  3.6
Stealth        | |  0.1
Shields        | |  3.6

Action                     |  1- 3 |  4- 6 || total
---------------------------+-------+-------++-------
  Melee: Flail             |    86 |       ||    86
         Headbutt          |    14 |       ||    14
 Armour: Scale mail        |    38 |       ||    38
  Dodge: Dodged            |    40 |       ||    40
  Block: Buckler           |    23 |       ||    23

Table legend: (Time is in decaauts)
 A = Elapsed time spent in this place.
 B = Non-inter-level travel time spent in this place.
 C = Inter-level travel time spent in this place.
 D = Time resting spent in this place.
 E = Time spent auto-exploring this place.
 F = Levels seen in this place.
 G = Mean time per level.
                   A        B        C        D        E       F      G
               +--------+--------+--------+--------+--------+-----+--------+
         Total |   1013 |    991 |     22 |      0 |    780 |   2 |  506.5 |
       Dungeon |   1013 |    991 |     22 |      0 |    780 |   2 |  506.5 |
               +--------+--------+--------+--------+--------+-----+--------+

Top non-repeatable levels by time:
     D:1: 627 daAuts
     D:2: 386 daAuts
